 Dungeon Crawl Stone Soup version 0.21.0 (webtiles) character file.

320 Leibowitz the Poker (level 6, -12/48 HPs)
             Began as a Merfolk Gladiator on Jan 7, 2018.
             Mangled by a two-headed ogre
             ... wielding a +0 giant club
              (22 damage)
             ... on level 3 of the Dungeon.
             The game lasted 00:06:09 (2125 turns).

Leibowitz the Poker (Merfolk Gladiator)             Turns: 2125, Time: 00:06:11

Health: -12/48     AC:  4    Str: 15    XL:     6   Next: 46%
Magic:  6/6        EV: 15    Int:  7    God:
Gold:   124        SH:  0    Dex: 17    Spells: 5/5 levels left

rFire    . . .     SeeInvis .   a - +0 trident
rCold    . . .     Gourm    .   (no shield)
rNeg     . . .     Faith    .   b - +0 leather armour
rPois    .         Spirit   .   c - +0 helmet
rElec    .         Reflect  .   (no cloak)
rCorr    .         Harm     .   (no gloves)
MR       .....                  (no boots)
Stlth    ++........             (no amulet)
HPRegen  0.16/turn              (no ring)
MPRegen  0.10/turn              (no ring)

@: no status effects
A: change form in water, swift swim, stealthy swim
a: no special abilities


You were on level 3 of the Dungeon.
You were hungry.

You visited 1 branch of the dungeon, and saw 3 of its levels.

You collected 124 gold pieces.

Inventory:

Hand Weapons
 a - a +0 trident (weapon)
 q - a +0 scythe
Missiles
 d - a throwing net (quivered)
 h - 4 curare-tipped needles
Armour
 b - a +0 leather armour (worn)
 c - a +0 helmet (worn)
 g - a +0 buckler of positive energy
Jewellery
 o - an uncursed ring of fire
Scrolls
 i - a scroll of amnesia {unknown}
 j - 2 scrolls of remove curse {unknown}
 k - a scroll of identify {unknown}
 m - a scroll of random uselessness {unknown}
Potions
 e - a potion of haste
 l - a potion of brilliance {unknown}
 n - a potion of resistance {unknown}
 p - a potion of flight {unknown}
 r - a potion of might
Comestibles
 f - 4 rations


   Skills:
 * Level 3.9 Fighting
 * Level 7.2 Polearms
 - Level 2.0 Throwing
 * Level 2.0 Armour
 * Level 5.0 Dodging
 + Level 0.6 Stealth


You had 5 spell levels left.
You didn't know any spells.

Dungeon Overview and Level Annotations

Branches:
Dungeon (3/15)

Altars:
Dithmenos
Uskayaw
The Shining One


Message History

You puncture the two-headed ogre!
The two-headed ogre is severely wounded.
The two-headed ogre struggles against the net.
You hit the two-headed ogre.
The two-headed ogre is severely wounded.
The two-headed ogre struggles against the net.
The net rips apart, and the two-headed ogre comes free!
You hit the two-headed ogre.
The two-headed ogre is almost dead.
You barely miss the two-headed ogre.
The two-headed ogre is almost dead.
The two-headed ogre barely misses you.
The two-headed ogre hits you with a dire flail.
You hit the two-headed ogre but do no damage.
The two-headed ogre is almost dead.
The two-headed ogre hits you with a giant club!!
Ouch! That really hurt!
* * * LOW HITPOINT WARNING * * *
The two-headed ogre hits you with a dire flail!!
You die...

# #^####..### # ...
.... .. #...## #..##
#.# ##### #.####.#
####### #.....$#
....... #......#
....... #..(..# ###
........###.....##...#
................@(...#
####### ###)##O##...#
....########h.#h# #.#
###...........#.# #
#.............#
#.............#
###........(...>#
......#########.#
......# #.#


You could see a two-headed ogre and a jackal.

Vanquished Creatures
  Sigmund (D:2)
  Natasha (thrice) (D:2)
  A worker ant (D:2)
  An adder (D:2)
  2 worms (D:2)
  3 dart slugs
  2 leopard geckos
  An orc (D:3)
  2 giant cockroaches (D:2)
  3 goblins
  5 hobgoblins
  4 jackals
  A ball python (D:1)
  4 bats
  4 frilled lizards
  6 kobolds
  9 rats
52 creatures vanquished.

Notes
Turn   | Place    | Note
-------+----------+-------------------------------------------
     0 | D:1      | Leibowitz the Merfolk Gladiator began the quest for the Orb.
     0 | D:1      | Reached XP level 1. HP: 16/16 MP: 1/1
    82 | D:1      | Reached XP level 2. HP: 9/22 MP: 2/2
   363 | D:1      | Reached skill level 5 in Polearms
   373 | D:1      | Reached XP level 3. HP: 20/28 MP: 3/3
   714 | D:2      | Found a glowing golden altar of the Shining One.
   790 | D:2      | Noticed Natasha
   799 | D:2      | Killed Natasha
   799 | D:2      | Reached XP level 4. HP: 20/34 MP: 4/4
   899 | D:2      | Noticed Natasha
   906 | D:2      | Reached skill level 1 in Armour
   911 | D:2      | Killed Natasha
  1228 | D:2      | Reached XP level 5. HP: 41/41 MP: 5/5
  1423 | D:2      | Noticed Natasha
  1445 | D:2      | Killed Natasha
  1445 | D:2      | Reached skill level 6 in Polearms
  1811 | D:2      | Noticed Sigmund
  1834 | D:2      | Killed Sigmund
  1834 | D:2      | Reached skill level 7 in Polearms
  1834 | D:2      | Reached skill level 5 in Dodging
  1834 | D:2      | Reached XP level 6. HP: 39/48 MP: 6/6
  1846 | D:2      | Found a hide-covered altar of Uskayaw.
  2051 | D:3      | Found a shadowy altar of Dithmenos.
  2096 | D:3      | Noticed a two-headed ogre
  2125 | D:3      | Mangled by a two-headed ogre

Skill      XL: |  1  2  3  4  5  6 |
---------------+-------------------+-----
Polearms       | 5 7 |  7.2
Armour         | 1 2 |  2.0
Fighting       | 3 |  3.9
Dodging        | 5 |  5.0
Throwing       | |  2.0
Stealth        | |  0.6

Action                   |  1- 3 |  4- 6 || total
-------------------------+-------+-------++-------
Melee: Trident           |    72 |   110 ||   182
Throw: Throwing net      |       |     2 ||     2
  Use: Potion            |       |     4 ||     4
 Stab: Held in net/web   |       |     2 ||     2
  Eat: Chunk             |       |     3 ||     3
Armor: Leather armour    |    12 |    13 ||    25
       Skin              |       |    15 ||    15
Dodge: Dodged            |    51 |    49 ||   100
